Map: Site Delta LE

Players

A.I. 1 (Very Easy)

  • Race: Zerg Zerg
  • Spawn Location: 5:00

BuRny - Winner!

  • Race: Terran Terran
  • Spawn Location: 11:00

VOD

https://youtu.be/FYad4Om2yIE

Description

Time

  • Played on: July 25, 2024, 9:51 a.m.
  • Length: 9:08
Show
View Real Time Build Order
Export as new Build Order

A.I. 1 (Very Easy) Zerg 

Build Orders: Pool First 

Get SALT Encoding   

  12  0:00  Drone  
  13  0:12  Overlord  
  13  0:16  Drone  
  14  0:35  Spawning Pool  
  14  0:36  Extractor  
  14  0:39  Drone  
  13  0:46  Drone  
  14  0:52  Overlord  
  14  1:22  Zergling x2  
  14  1:23  Queen  
  17  1:31  Roach Warren  
  16  1:34  Drone  
  16  1:39  Extractor  
  16  1:43  Drone  
  17  1:52  Zergling x2  
  18  2:02  Drone  
  19  2:09  Drone  
  20  2:17  Drone  
  22  2:22  Zergling x2  
  22  2:27  Overlord  
  22  2:31  Drone  
  23  2:38  Drone  
  24  2:45  Drone  
  25  2:53  Roach  
  27  5:16  Queen  
  27  5:20  Drone  
  26  5:27  Drone  
  21  5:34  Drone  
  16  5:41  Drone  
  17  5:48  Drone  
  18  5:55  Drone  
  19  6:03  Drone  
  20  6:10  Drone  
  21  6:17  Zergling x2, Drone  
  22  6:25  Drone  
  22  6:32  Drone  
  20  6:35  Overlord  
  20  6:39  Drone  
  20  6:46  Roach  
  22  6:47  Spawning Pool  
  19  7:14  Roach  
  17  7:21  Hatchery  
  15  7:52  Overlord  
  15  8:33  Drone  
  18  8:44  Drone  
Show
View Real Time Build Order
Export as new Build Order

BuRny Terran - Winner!

Build Orders: Liberator Opening, Reaper Expand, Mech 

Get SALT Encoding   

  12  0:00  SCV  
  13  0:12  SCV  
  14  0:17  Supply Depot  
  14  0:24  SCV  
  15  0:38  SCV  
  15  0:39  Barracks  
  16  0:43  Refinery  
  16  0:50  SCV  
  17  1:02  SCV  
  18  1:15  SCV  
  19  1:26  Reaper  
  19  1:27  Orbital Command  
  20  1:39  Command Center  
  20  1:49  Supply Depot  
  20  1:52  SCV  
  21  1:58  Marine  
  22  2:04  SCV  
  23  2:13  Factory  
  23  2:16  SCV  
  23  2:20  Barracks Reactor  
  24  2:28  SCV  
  25  2:39  Command Center  
  25  2:40  SCV  
  26  2:50  Refinery  
  26  2:53  Orbital Command  
  26  2:54  SCV  
  27  3:06  Starport, SCV  
  28  3:18  Hellion  
  28  3:19  Hellion, SCV  
  33  3:20  SCV  
  34  3:31  SCV  
  34  3:33  Barracks Tech Lab, SCV  
  36  3:43  SCV  
  36  3:45  SCV, Refinery  
  36  3:47  Hellion x2  
  42  3:50  Orbital Command  
  42  3:55  SCV  
  43  3:57  Liberator, SCV  
  47  4:02  Refinery  
  47  4:07  SCV  
  47  4:08  Barracks Tech Lab  
  47  4:09  SCV  
  49  4:14  Armory  
  49  4:15  SCV  
  50  4:19  SCV  
  50  4:21  Factory, SCV  
  52  4:28  Factory, SCV  
  53  4:31  SCV  
  53  4:33  SCV  
  53  4:37  Supply Depot  
  55  4:40  SCV  
  55  4:42  Supply Depot  
  55  4:43  Starport Reactor, SCV  
  57  4:49  SCV  
  57  4:52  SCV  
  59  4:53  Orbital Command  
  59  4:55  SCV  
  60  5:01  Supply Depot  
  60  5:02  SCV  
  60  5:05  Thor  
  67  5:08  SCV  
  67  5:11  Thor  
  67  5:14  SCV  
  75  5:17  Supply Depot  
  75  5:19  SCV  
  75  5:20  SCV  
  77  5:22  Medivac x2  
  77  5:25  Supply Depot  
  77  5:26  SCV  
  82  5:31  Terran Vehicle Weapons Level 1, SCV  
  82  5:32  SCV  
  84  5:38  SCV  
  84  5:41  Supply Depot  
  89  5:42  Hellion  
  89  5:43  Hellion, Infernal Pre-Igniter, SCV  
  89  5:44  SCV  
  91  5:50  SCV  
  91  5:52  Supply Depot  
  91  5:56  SCV x2  
  94  6:02  SCV  
  95  6:04  Command Center, Refinery  
  95  6:07  Refinery  
  95  6:08  SCV x2  
  95  6:10  Barracks Reactor  
  97  6:11  Factory  
  97  6:14  SCV  
  97  6:15  Factory  
  98  6:19  Supply Depot  
  98  6:20  Supply Depot, SCV x2  
  100  6:26  SCV  
  100  6:32  SCV x2  
  103  6:36  Supply Depot  
  103  6:37  Supply Depot, Siege Tank  
  103  6:38  Hellion x2, Siege Tank, SCV  
  114  6:44  SCV x2  
  116  6:47  Supply Depot  
  116  6:48  Supply Depot  
  116  6:50  SCV  
  116  6:52  Liberator x2  
  123  6:56  SCV x2  
  123  6:59  Factory Tech Lab  
  123  7:00  Hellion x2  
  129  7:03  SCV  
  131  7:08  Supply Depot, SCV  
  131  7:09  Supply Depot, SCV  
  131  7:11  Supply Depot x2, Siege Tank  
  131  7:14  Supply Depot, Siege Tank  
  131  7:15  SCV  
  139  7:18  Hellion, Siege Tank  
  144  7:24  SCV  
  144  7:25  Engineering Bay  
  144  7:27  SCV  
  146  7:31  Hellion x3  
  146  7:35  Liberator  
  155  7:38  Liberator  
  155  7:40  Hellion  
  160  7:46  Hellion  
  160  7:47  Hellion  
  160  7:50  Siege Tank  
  167  7:52  Refinery  
  167  7:54  Hellion x2  
  167  7:55  Hellion, Refinery  
  173  8:01  Hellion, SCV  
  173  8:02  SCV x3  
  179  8:08  Siege Tank x2  
  185  8:16  Hellion x2  
  185  8:17  Hellion  
  185  8:18  SCV x3  
  194  8:20  SCV  
  194  8:22  Siege Tank  
  194  8:23  Hellion  
  200  8:43  Command Center x2  
  200  8:45  Command Center  
  200  8:49  Command Center  
  200  8:52  Command Center  
  200  8:57  Factory  
  200  9:00  Factory x2  
Tags
 
Add a new tag
Caveats
  • Supply blocks, unpowered buildings, or Contaminate may cause inaccurate times.
  • Supply counts are checked every 10 seconds.